 Dungeon Crawl Stone Soup version 0.32-a0-913-g739538afd8 (webtiles) character file.

Game seed: 9858242822636512525

70 smashvw the Slasher (level 4, 41/41 HPs)
             Began as a Minotaur Berserker on Apr 7, 2024.
             Was a Believer of Trog.
             Quit the game on level 2 of the Dungeon.
             The game lasted 00:03:18 (1187 turns).

smashvw the Slasher (Minotaur Berserker)            Turns: 1187, Time: 00:03:19

Health: 41/41      AC:  7    Str: 24    XL:     4   Next: 3%
Magic:  3/3        EV: 10    Int:  4    God:    Trog [**....]
Gold:   53         SH:  0    Dex:  9    Spells: 3/3 levels left

rFire   . . .        a - +0 falchion
rCold   . . .        (no shield)
rNeg    . . .        i - +0 ring mail
rPois   .            e - +2 hat
rElec   .            (no cloak)
rCorr   .            (no gloves)
SInv    .            (no boots)
Will    .....        (no amulet) Stlth
                     (no ring)
HPRegen 0.26/turn    (no ring)
MPRegen 0.08/turn

%: no passive effects
@: no status effects
A: horns 2, retaliatory headbutt
a: Renounce Religion, Berserk, Trog's Hand


You were on level 2 of the Dungeon.
You worshipped Trog.
Trog was pleased with you.
You visited 1 branch of the dungeon, and saw 2 of its levels.

You collected 53 gold pieces.

Inventory:

Hand Weapons
 a - a +0 falchion (weapon)
Missiles
 j - 4 curare-tipped darts (quivered)
Armour
 e - a +2 hat (worn)
 i - a +0 ring mail (worn)
Scrolls
 b - a scroll of torment {unknown}
 c - a scroll of teleportation {unknown}
 f - a scroll of enchant weapon {unknown}
 g - a scroll of enchant armour {unknown}
 k - a scroll of identify {unknown}
 l - a scroll of revelation {unknown}
 m - a scroll of fear {unknown}
 n - a scroll of butterflies {unknown}
Potions
 d - a potion of heal wounds {unknown}
 h - a potion of curing {unknown}


   Skills:
 + Level 4.9 Fighting
 + Level 4.9 Long Blades
 - Level 2.4 Armour
 - Level 2.1 Dodging


You had 3 spell levels left.
You didn't know any spells.
Your spell library was empty.

Dungeon Overview and Level Annotations

Branches:
Dungeon (2/15)

Altars:
Gozag


Innate Abilities, Weirdness & Mutations

You have a pair of horns on your head.
You reflexively headbutt those who attack you in melee.


Message History

The ball python barely misses you. The ribbon worm bites you.
You hit the ribbon worm but do no damage.
You headbutt the ribbon worm.
The ribbon worm is almost dead.
The ball python closely misses you.
The ribbon worm bites you but does no damage.
You hit the ribbon worm.
The ribbon worm is almost dead.
The ball python barely misses you. The ball python grabs you.
The ball python constricts you. The ribbon worm bites you.
The ball python bites you but does no damage.
The ball python constricts you.
You barely miss the ball python.
The ball python bites you but does no damage.
The ball python constricts you.
The ribbon worm expels a string of sticky webbing.
The stream of webbing hits you but does no damage.
You are caught in a web!
You are caught in a web!
You are caught in a web!
You are caught in a web!
The web tears apart.
The ball python bites you. The ball python constricts you.
You hit the ribbon worm but do no damage.
You headbutt the ribbon worm.
You kill the ribbon worm!
Trog accepts your kill. The ball python bites you.
The ball python constricts you.
You have reached level 4!
You feel stronger.
You closely miss the ball python.
The ball python bites you but does no damage.
The ball python constricts you. The ball python barely misses you.
You furiously retaliate!
You headbutt the ball python.
You kill the ball python!
Trog accepts your kill.
No target in view!
A frilled lizard comes into view.
The frilled lizard hisses angrily.
You hear a shout!
You hear an angry hiss.
A frilled lizard is nearby!
Are you sure you want to abandon this character and quit the game? (Confirm with "yes".)

##...##..... .#.....##
###..#.......#
.l......###........#####
..................##
...!.....#####<.#.###
...............##...#
.............## ###.#
.............# #.##
.......@.....## #..#
..............## ##.##
.#.....#.......# #..#
#####.#.....#.. ##.#
..###.### #.## .## ##.#
#. #..# . ##..#
#...###.# # #..######
#...... ##.......#
#####..


You could see a frilled lizard.

Vanquished Creatures
  3 adders (D:2)
  A dart slug (D:1)
  2 ribbon worms (D:2)
  6 ball pythons
  3 bats
  5 endoplasms (D:1)
  A giant cockroach (D:1)
  3 goblins
  4 hobgoblins (D:1)
  2 kobolds (D:1)
  2 quokkas (D:1)
  A frilled lizard (D:1)
  2 rats (D:1)
35 creatures vanquished.

Notes
Turn   | Place    | Note
-------+----------+-------------------------------------------
     0 | D:1      | smashvw the Minotaur Berserker began the quest for the Orb.
     0 | D:1      | Reached XP level 1. HP: 19/19 MP: 0/0
   155 | D:1      | Reached XP level 2. HP: 24/27 MP: 1/1
   610 | D:1      | Reached XP level 3. HP: 31/34 MP: 2/2
   940 | D:2      | Found an opulent altar of Gozag.
  1060 | D:2      | Reached ** piety under Trog
  1128 | D:2      | Reached XP level 4. HP: 26/41 MP: 3/3
  1187 | D:2      | Quit the game

Illustrated notes

Levels and vault maps discovered:
D:1:      scummos_arrival_gate, layout_loops_ring, dk_noncrumbling_3
D:2:      layout_rooms, basic_altar, serial_shops, shop,
          minmay_shallow_snake_nest, uniq_robin

Skill      XL: |  1 |
---------------+----+-----
Fighting       | 4 |  4.9
Long Blades    | 4 |  4.9
Armour         | |  2.4
Dodging        | |  2.1

Action                     |  1- 3 |  4- 6 || total
---------------------------+-------+-------++-------
  Melee: Falchion          |    83 |     1 ||    84
         Headbutt          |    14 |       ||    14
 Armour: Animal skin       |    18 |       ||    18
         Ring mail         |    44 |     2 ||    46
  Dodge: Dodged            |    42 |     1 ||    43

Table legend: (Time is in decaauts)
 A = Elapsed time spent in this place.
 B = Non-inter-level travel time spent in this place.
 C = Inter-level travel time spent in this place.
 D = Time resting spent in this place.
 E = Time spent auto-exploring this place.
 F = Levels seen in this place.
 G = Mean time per level.
                   A        B        C        D        E       F      G
               +--------+--------+--------+--------+--------+-----+--------+
         Total |   1193 |   1097 |     96 |      0 |    857 |   2 |  596.5 |
       Dungeon |   1193 |   1097 |     96 |      0 |    857 |   2 |  596.5 |
               +--------+--------+--------+--------+--------+-----+--------+

Top non-repeatable levels by time:
     D:1: 940 daAuts
     D:2: 252 daAuts
